 Dungeon Crawl Stone Soup version 0.31-a0-667-g39726597b9 (webtiles) character file.

Game seed: 12184408292748627063

61 Corto the Digger (level 4, 0/24 HPs)
             Began as a Gargoyle Earth Elementalist on Sept 3, 2023.
             Slain by a gnoll
             ... wielding a +0 club
              (5 damage)
             ... on level 2 of the Dungeon.
             The game lasted 00:03:41 (1051 turns).

Corto the Digger (Gargoyle Earth Elementalist)      Turns: 1051, Time: 00:03:42

Health: 0/24       AC:  5    Str: 11    XL:     4   Next: 7%
Magic:  0/8        EV: 12    Int: 18    God:
Gold:   87         SH:  0    Dex: 16    Spells: 5/9 levels left

rFire   . . .        d - +0 quarterstaff
rCold   . . .        (shield currently unavailable)
rNeg    + . .        a - +0 robe
rPois   ∞            (no helmet)
rElec   +            (no cloak)
rCorr   .            (no gloves)
SInv    .            (no boots)
Will    .....        (no amulet)
Stlth   ++           c - ring of flight
HPRegen 0.24/turn    e - +6 ring of dexterity
MPRegen 0.11/turn

%: no passive effects
@: flying
A: sickness immunity, AC +3, negative energy resistance 1, electricity
resistance, torment resistance 1, petrification resistance
a: no special abilities


You were on level 2 of the Dungeon.
You visited 1 branch of the dungeon, and saw 2 of its levels.

You collected 87 gold pieces.

Inventory:

Hand Weapons
 d - a +0 quarterstaff (weapon)
Armour
 a - a +0 robe (worn)
Jewellery
 c - a ring of flight (left hand)
 e - a +6 ring of dexterity (right hand)
 i - a ring of protection from fire
Talismans
 j - a flux talisman
Scrolls
 h - a scroll of vulnerability {unknown}
Potions
 b - a potion of magic
 f - 2 potions of curing {unknown}
 g - a potion of haste {unknown}


   Skills:
 - Level 1.5 Dodging
 - Level 2.1 Stealth
 + Level 3.0 Spellcasting
 + Level 1.1 Conjurations
 - Level 0.7 Transmutations
 + Level 4.6 Earth Magic


You had 5 spell levels left.
You knew the following spells:

 Your Spells              Type           Power      Damage    Failure   Level
a - Sandblast             Erth           38%        2d10      2%          1
b - Stone Arrow           Conj/Erth      26%        3d8       14%         3

Your spell library contained the following spells:

 Spells                   Type           Power      Damage    Failure   Level
 Passwall                 Tmut/Erth      10%        N/A       9%          2
 Momentum Strike          Conj/Tloc      8%         3d8       19%         2
 Blink                    Tloc           4%         N/A       24%         2
 Lesser Beckoning         Tloc           4%         N/A       24%         2
 Petrify                  Tmut/Erth      12%        N/A       47%         4


Dungeon Overview and Level Annotations

Branches:
Dungeon (2/15)

Altars:


Innate Abilities, Weirdness & Mutations

You are immune to sickness and miasma.
Your stone body is resilient. (AC +3)
You are immune to poison.
You resist negative energy. (rN+)
You are resistant to electric shocks. (rElec)
You are resistant to unholy torment.
You are immune to petrification.


Message History

The gnoll hits you with a +0 whip!
A gnoll comes into view. It is wielding a +0 club.
The gnoll hits you with a +0 whip.
* * * LOW HITPOINT WARNING * * *
Casting: Sandblast (safe; 2% risk of failure)
Confirm with . or Enter, or press ? or * to list all spells.
The blast of sand hits the gnoll.
The gnoll is moderately wounded.
The gnoll shouts!
The gnoll misses you.
Casting: Sandblast (safe; 2% risk of failure)
Confirm with . or Enter, or press ? or * to list all spells.
The blast of sand hits the gnoll!
The gnoll is almost dead.
The gnoll barely misses you. The gnoll misses you.
Casting: Sandblast (safe; 2% risk of failure)
Confirm with . or Enter, or press ? or * to list all spells.
The blast of sand hits the gnoll.
You kill the gnoll!
Your Spellcasting skill increases to level 3!
You have reached level 4!
You feel clever.
You closely miss the gnoll. The gnoll hits you but does no damage.
The gnoll closely misses you.
You thump the gnoll!
The gnoll is heavily wounded.
The gnoll closely misses you.
A gnoll is nearby!
You completely miss the gnoll.
The gnoll is heavily wounded.
The gnoll hits you with a +0 club.
* * * LOW HITPOINT WARNING * * *
Casting: Sandblast (safe; 2% risk of failure)
Confirm with . or Enter, or press ? or * to list all spells.
The blast of sand hits the gnoll but does no damage.
The gnoll is heavily wounded.
The gnoll hits you with a +0 club.
* * * LOW HITPOINT WARNING * * *
The gnoll hits you with a +0 club.
You die... █████████ █•••••••█ █•••••••█ █•••••••█ █ █•••••••█ █)██•••••••████ █•g@••••••••••█ █████•█••••██•██████ █•••••••██•██•█••••█ █•█••••••••██•█•██•█ █•█••••••••██•█••█•█ █•█•••••█•••█••••••█ ███•█••[••██••••••████ █•••••••••█•••█████ █•••••••••████████

You could see a gnoll.

Vanquished Creatures
  2 gnolls (D:2)
  A worm (D:2)
  A dart slug (D:1)
  4 ball pythons (D:1)
  6 endoplasms
  A giant cockroach (D:1)
  2 goblins (D:1)
  3 kobolds
  6 bats
  4 frilled lizards
  9 rats
39 creatures vanquished.

Notes
Turn   | Place    | Note
-------+----------+-------------------------------------------
     0 | D:1      | Corto the Gargoyle Earth Elementalist began the quest for
                  | the Orb.
     0 | D:1      | Reached XP level 1. HP: 10/10 MP: 3/3
   117 | D:1      | Reached XP level 2. HP: 7/15 MP: 0/5
   118 | D:1      | Reached skill level 4 in Earth Magic
   353 | D:1      | Reached XP level 3. HP: 18/19 MP: 2/7
   357 | D:1      | Learned a level 3 spell: Stone Arrow
  1039 | D:2      | Reached skill level 1 in Conjurations
  1048 | D:2      | Reached XP level 4. HP: 7/24 MP: 0/8
  1051 | D:2      | Slain by a gnoll

Illustrated notes

Levels and vault maps discovered:
D:1:      dpeg_arrival_connections, layout_rooms
D:2:      layout_basic, basic_altar, uniq_crazy_yiuf_cottage

Skill      XL: |  1  2  3 |
---------------+----------+-----
Earth Magic    | 4 |  4.6
Conjurations   | 1 |  1.1
Spellcasting   | 3 |  3.0
Dodging        | |  1.5
Stealth        | |  2.1
Transmutations | |  0.7

Action                     |  1- 3 |  4- 6 || total
---------------------------+-------+-------++-------
  Melee: Quarterstaff      |     7 |     3 ||    10
   Cast: Sandblast         |    47 |     1 ||    48
 Armour: Robe              |     9 |     4 ||    13
  Dodge: Dodged            |     8 |     2 ||    10

Table legend: (Time is in decaauts)
 A = Elapsed time spent in this place.
 B = Non-inter-level travel time spent in this place.
 C = Inter-level travel time spent in this place.
 D = Time resting spent in this place.
 E = Time spent auto-exploring this place.
 F = Levels seen in this place.
 G = Mean time per level.
                   A        B        C        D        E       F      G
               +--------+--------+--------+--------+--------+-----+--------+
         Total |   1076 |   1040 |     36 |      0 |    829 |   2 |  538.0 |
       Dungeon |   1076 |   1040 |     36 |      0 |    829 |   2 |  538.0 |
               +--------+--------+--------+--------+--------+-----+--------+

Top non-repeatable levels by time:
     D:1: 707 daAuts
     D:2: 368 daAuts
